 Dungeon Crawl Stone Soup version 0.31-a0-236-g9a0961fb85 (webtiles) character file.

Game seed: 12954112011107356371

65 qw the Shooter (level 3, -15/29 HPs)
             Began as a Minotaur Hexslinger on July 10, 2023.
             Demolished by a gnoll
             ... wielding a +3 heavy halberd
              (17 damage)
             ... on level 2 of the Dungeon.
             The game lasted 00:00:35 (1560 turns).

qw the Shooter (Minotaur Hexslinger)                Turns: 1560, Time: 00:00:36

Health: -15/29     AC:  5    Str: 12    XL:     3   Next: 92%
Magic:  3/3        EV: 11    Int: 10    God:
Gold:   32         SH:  0    Dex: 14    Spells: 3/4 levels left

rFire   . . .        Y - +1 sling
rCold   . . .        (no shield)
rNeg    . . .        d - +0 ring mail
rPois   .            (helmet restricted)
rElec   .            (no cloak)
rCorr   .            (no gloves)
SInv    .            (no boots)
Will    .....        (no amulet)
Stlth   +            (no ring)
HPRegen 0.24/turn    (no ring)
MPRegen 0.08/turn

%: no passive effects
@: no status effects
A: horns 2, retaliatory headbutt
a: no special abilities


You were on level 2 of the Dungeon.
You visited 1 branch of the dungeon, and saw 2 of its levels.

You collected 32 gold pieces.


Innate Abilities, Weirdness & Mutations

You have a pair of horns on your head.
You reflexively headbutt those who attack you in melee.


   Skills:
 - Level 2.0 Fighting
 + Level 4.2 Ranged Weapons
 - Level 1.2 Armour
 - Level 2.1 Dodging
 - Level 1.0 Spellcasting
 - Level 2.0 Hexes


You had 3 spell levels left.
You knew the following spells:

 Your Spells              Type           Power      Damage    Failure   Level
a - Slow                  Hex            16%        N/A       34%         1

Your spell library contained the following spells:

 Spells                   Type           Power      Damage    Failure   Level
 Inner Flame              Hex/Fire       2%         N/A       83%         3
 Portal Projectile        Hex/Tloc       4%         N/A       83%         3
 Cause Fear               Hex            2%         N/A       98%         4

Inventory:

Hand Weapons
 Y - a +1 sling (weapon)
Armour
 d - a +0 ring mail (worn)
Scrolls
 a - a scroll of torment {unknown}
 b - a scroll of identify
 c - a scroll of fear {unknown}
Potions
 e - a potion of haste {unknown}

Dungeon Overview and Level Annotations

Branches:
Dungeon (2/15)

Altars:
Vehumet

Shops:
D:1 ?

Annotations:
D:1 exclusion: giant cockroach


Message History

Enter note: You shoot a sling bullet.
The sling bullet barely misses the gnoll.
The gnoll shouts!
The sling bullet hits the gnoll.
The gnoll is lightly wounded.
You shoot a sling bullet.
The sling bullet hits the gnoll but does no damage.
You shoot a sling bullet.
The sling bullet barely misses the gnoll.
The sling bullet hits the gnoll.
The gnoll is heavily wounded.
You shoot a sling bullet.
The sling bullet hits the gnoll but does no damage.
You shoot a sling bullet.
The sling bullet closely misses the gnoll.
The sling bullet hits the gnoll!
You kill the gnoll!
The gnoll hits you with a +0 whip.
You shoot a sling bullet. The sling bullet hits the gnoll.
The gnoll is moderately wounded.
The gnoll hits you with a +0 whip. The gnoll barely misses you.
The gnoll hits you with a +0 whip.
You shoot a sling bullet. The sling bullet hits the gnoll.
The gnoll is moderately wounded.
The gnoll misses you. The gnoll closely misses you.
You shoot a sling bullet.
The sling bullet closely misses the gnoll.
The sling bullet completely misses the gnoll.
The gnoll hits you with a +0 whip.
The gnoll hits you from afar with a +3 heavy halberd!!
Ouch! That really hurt!
You shoot a sling bullet.
The sling bullet hits the gnoll but does no damage.
The gnoll is moderately wounded.
The gnoll completely misses you. You furiously retaliate!
You headbutt the gnoll, but do no damage.
The gnoll hits you from afar with a +3 heavy halberd!
Ouch! That really hurt!
You die...

#.#.####.#.##...........# #.....
##.#<.....#.##.>#.###.####
###.## #...#######........##.#
#.# #...# ##.#........# #.#
#...# #.#.###.#### #.# #...#
#.#..##.# #.## #...######
#.##.##.# . #...
.........###.##.##.#.... #...
...........#....@gg....> #.##
.........#.####.####.... #.#
.....)####.####.## . #.#
.......# #.......# #.# .......#
#######.# #.# .......#
#.########### #.#
......##########.#.##... ..# #.#
.....#.........#..#.#.####.# #.#
#...##.........#.###.....#.###.#


You could see 2 gnolls.

Vanquished Creatures
  A gnoll (D:2)
  An adder (D:2)
  A dart slug (D:1)
  3 endoplasms (D:1)
  4 giant cockroaches
  6 hobgoblins
  3 kobolds
  4 quokkas
  2 ball pythons (D:1)
  4 bats
  2 frilled lizards (D:1)
  5 goblins
  3 rats
39 creatures vanquished.

Notes
Turn   | Place    | Note
-------+----------+-------------------------------------------
     0 | D:1      | qw the Minotaur Hexslinger began the quest for the Orb.
     0 | D:1      | Reached XP level 1. HP: 16/16 MP: 1/1
     0 | D:1      | 0 ||| qw: Version: 0.3-a-52-g30416fa
     0 | D:1      | 0 ||| qw: Game counter: 4693
     0 | D:1      | 0 ||| qw: Melee chars always use a shield: true
     0 | D:1      | 0 ||| qw: God list: Okawaru
     0 | D:1      | 0 ||| qw: Allow faded altars: false
     0 | D:1      | 0 ||| qw: Do Orc after clearing Dungeon:15 true
     0 | D:1      | 0 ||| qw: Do second Lair branch before Depths: true
     0 | D:1      | 0 ||| qw: Lair rune preference: random
     0 | D:1      | 0 ||| qw: Goals: Normal
     0 | D:1      | 0 ||| PLANNING D:1-11
    46 | D:1      | You fall into a shaft and drop 1 floor!
    47 | D:2      | 47 ||| UPGRADING to +0 ring mail.
    57 | D:2      | 57 ||| DROPPING +0 robe.
    58 | D:2      | 58 ||| DROPPING scroll of poison.
   220 | D:1      | Reached skill level 3 in Ranged Weapons
   247 | D:1      | Reached XP level 2. HP: 23/23 MP: 2/2
   380 | D:1      | Found Viys's Magic Scroll Emporium.
   386 | D:1      | 386 ||| READING scroll labelled UHIG KO BIYXA.
   728 | D:1      | Reached XP level 3. HP: 29/29 MP: 3/3
   986 | D:1      | 986 ||| DROPPING ring of magical power.
   987 | D:1      | 987 ||| READING scroll labelled GEDIAT JINEY.
  1263 | D:2      | Found a radiant altar of Vehumet.
  1343 | D:2      | Reached skill level 4 in Ranged Weapons
  1433 | D:2      | Reached skill level 1 in Armour
  1559 | D:2      | HP: 1/29 [gnoll/+3 heavy halberd (18)]
  1560 | D:2      | Demolished by a gnoll

Levels and vault maps discovered:
D:1:      heliophobic_arrival_dark_side_of_the_moon, layout_basic, serial_shops,
          nicolae_shop_gibbet_a_chance, serial_park_tiny_pond
D:2:      layout_loops_cross, basic_altar

Skill      XL: |  1  2  3 |
---------------+----------+-----
Ranged Weapons | 3 4 |  4.2
Fighting       | 2 |  2.0
Armour         | 1 |  1.2
Dodging        | |  2.1
Spellcasting   | |  1.0
Hexes          | |  2.0

Action                     || total
---------------------------++-------
   Fire: Sling             ||   115
    Use: Scroll            ||     2
 Armour: Ring mail         ||    21
  Dodge: Dodged            ||    42

Table legend:
 A = Non-vault XP
 B = Vault XP
 C = Vault XP percentage of total XP
 D = Non-vault monster count
 E = Vault monster count
 F = Vault count percentage of total count
                 A         B        C        D         E       F
            +---------+---------+-------+---------+---------+-------
      Total |      93 |       0 |   0.0 |      39 |       0 |   0.0
            +---------+---------+-------+---------+---------+-------
        D:1 |      45 |       0 |   0.0 |      25 |       0 |   0.0
        D:2 |      48 |       0 |   0.0 |      14 |       0 |   0.0
            +---------+---------+-------+---------+---------+-------
